Map: Ephemeron LE

Players

HAS - Winner!

  • Race: Protoss Protoss
  • Spawn Location: 5:00

OKI

  • Race: Zerg Zerg
  • Spawn Location: 11:00

Event: NationWars 2019

VOD

Have the link to the VOD?

Description

Time

  • Played on: Nov. 15, 2019, 11:56 a.m.
  • Length: 11:16
Show
View Real Time Build Order
Export as new Build Order

HAS Protoss - Winner!

Build Orders: 1 Gate Expand, Oracle Opening, Phoenix Opening, Zealot Archon, Archon Drop 

Get SALT Encoding   

  12  0:01  Probe  
  13  0:13  Probe  
  14  0:20  Pylon  
  14  0:25  Probe  
  15  0:38  Probe (Chrono Boost), Gateway  
  16  0:48  Probe (Chrono Boost)  
  17  0:52  Assimilator  
  17  0:53  Probe (Chrono Boost)  
  18  1:04  Probe  
  19  1:16  Probe  
  20  1:27  Nexus  
  20  1:33  Probe  
  21  1:41  Cybernetics Core  
  21  1:47  Probe  
  21  1:50  Assimilator  
  22  1:59  Probe  
  23  2:05  Pylon  
  23  2:17  Warp Gate  
  23  2:23  Adept (Chrono Boost), Probe  
  26  2:30  Stargate  
  26  2:35  Probe  
  26  2:39  Probe  
  27  2:46  Adept (Chrono Boost)  
  27  2:47  Probe  
  30  2:51  Probe  
  31  2:59  Probe  
  31  3:03  Probe  
  33  3:10  Stalker (Chrono Boost)  
  33  3:11  Oracle (Chrono Boost), Probe  
  36  3:15  Probe  
  36  3:18  Gateway  
  40  3:23  Probe  
  41  3:27  Probe  
  42  3:35  Probe  
  42  3:38  Phoenix (Chrono Boost)  
  42  3:39  Probe  
  46  3:51  Pylon  
  46  3:52  Pylon  
  46  4:07  Assimilator x2  
  46  4:09  Probe x2  
  48  4:10  Robotics Facility, Twilight Council  
  48  4:21  Probe x2  
  50  4:27  Adept  
  52  4:33  Probe x2  
  52  4:35  Gateway  
  52  4:38  Gateway  
  54  4:45  Probe x2  
  56  4:46  Charge (Chrono Boost)  
  56  4:52  Templar Archives  
  56  4:55  Gateway  
  56  4:57  Gateway  
  57  5:03  Pylon  
  56  5:10  Nexus  
  56  5:17  Warp Prism (Chrono Boost)  
  58  5:24  Probe x2  
  60  5:29  Pylon  
  60  5:33  Zealot  
  62  5:40  Gateway  
  62  5:41  Gateway  
  62  5:55  High Templar x4  
  62  5:56  Zealot x2  
  74  5:59  Archon x2  
  74  6:00  Probe x2  
  74  6:03  Forge  
  76  6:19  Pylon  
  76  6:28  High Templar x2, Zealot  
  76  6:29  Zealot x3  
  76  6:32  Archon  
  88  6:36  Zealot  
  88  6:37  Zealot  
  92  6:43  Probe  
  92  6:44  Probe x2  
  95  6:53  Zealot x4  
  99  6:59  Zealot x2  
  95  7:05  Zealot x2  
  95  7:06  Probe x2  
  95  7:14  Zealot x4  
  91  7:29  Zealot x4  
  89  7:41  Probe x2  
  83  7:47  Probe, Immortal (Chrono Boost)  
  84  7:56  Sentry x3  
  84  7:57  Zealot x3  
  84  7:58  Zealot x2  
  97  8:04  Void Ray (Chrono Boost)  
  92  8:20  Zealot x4  
  92  8:22  Zealot x2  
  98  8:28  Sentry  
  100  8:36  Sentry  
  100  8:46  Pylon x2  
  100  8:47  Pylon  
  84  9:01  Protoss Ground Weapons Level 1 (Chrono Boost)  
  84  9:02  Zealot x7  
  94  9:04  Immortal (Chrono Boost)  
  96  9:17  Pylon, Probe x2  
  96  9:24  High Templar x4  
  100  9:25  High Templar x2  
  100  9:26  Zealot  
  100  9:27  Probe  
  100  9:29  Probe  
  100  9:30  Archon x2  
  114  9:31  Archon  
  114  9:41  Probe x2  
  114  9:43  Pylon  
  114  9:44  Pylon  
  116  9:45  Immortal (Chrono Boost)  
  118  9:54  Sentry  
  118  9:57  Sentry x2  
  118  9:58  Zealot x4  
  130  10:06  Probe  
  130  10:07  Probe x2  
  133  10:09  Assimilator  
  133  10:10  Assimilator  
  133  10:12  Pylon  
  133  10:15  Immortal (Chrono Boost)  
  129  10:23  Zealot x6  
  136  10:37  Zealot  
  137  10:45  Zealot x5  
  147  10:51  Zealot  
  143  11:02  Zealot  
Show
View Real Time Build Order
Export as new Build Order

OKI Zerg 

Build Orders: Hatch First 

Get SALT Encoding   

  12  0:01  Drone  
  13  0:13  Overlord  
  13  0:17  Drone  
  14  0:32  Drone x2  
  16  0:49  Hatchery  
  15  0:52  Drone  
  15  0:56  Drone  
  17  0:59  Drone  
  18  1:11  Extractor  
  18  1:16  Spawning Pool  
  16  1:19  Drone  
  16  1:22  Drone  
  18  1:28  Drone  
  19  1:40  Drone  
  20  1:50  Overlord  
  20  2:02  Queen x2  
  20  2:03  Zergling x4  
  26  2:11  Drone x2  
  28  2:22  Drone x2  
  30  2:32  Hatchery  
  30  2:35  Drone  
  30  2:39  Drone  
  30  2:41  Pneumatized Carapace  
  31  2:45  Drone  
  31  2:49  Overlord  
  32  2:57  Drone x2  
  34  3:02  Metabolic Boost  
  33  3:09  Drone x2  
  35  3:13  Queen  
  35  3:16  Zergling x6  
  35  3:18  Drone  
  41  3:26  Zergling x2  
  42  3:28  Drone  
  42  3:33  Drone  
  44  3:41  Overlord  
  43  3:48  Drone  
  43  3:50  Drone  
  43  3:52  Queen  
  43  3:53  Drone  
  43  3:54  Drone  
  43  3:55  Spore Crawler  
  47  3:56  Drone  
  47  3:57  Drone  
  47  3:59  Spore Crawler  
  47  4:00  Spore Crawler  
  47  4:01  Drone x2  
  49  4:05  Drone  
  49  4:09  Drone x3  
  53  4:14  Drone  
  53  4:15  Overlord  
  54  4:17  Spore Crawler  
  54  4:20  Drone  
  55  4:24  Drone x2  
  55  4:27  Drone  
  55  4:31  Overlord  
  58  4:34  Overlord  
  58  4:36  Drone x3  
  59  4:40  Drone x2  
  59  4:45  Lair  
  59  4:46  Overlord  
  59  4:48  Roach Warren  
  59  4:52  Zergling x4  
  60  4:55  Queen  
  60  4:57  Zergling x2  
  60  4:59  Overlord  
  63  5:00  Drone  
  63  5:01  Drone x2  
  63  5:03  Drone x2  
  68  5:07  Drone x3  
  68  5:10  Extractor  
  68  5:11  Extractor x2  
  68  5:12  Drone x2, Extractor x2  
  67  5:15  Drone  
  68  5:23  Overlord  
  68  5:24  Drone  
  68  5:28  Drone x2  
  71  5:30  Drone x3, Evolution Chamber  
  71  5:33  Overlord  
  71  5:34  Drone  
  74  5:39  Overlord  
  74  5:44  Overlord  
  74  5:49  Drone x2, Infestation Pit  
  75  5:51  Roach x4  
  83  5:59  Zerg Missile Weapons Level 1  
  83  6:00  Glial Reconstitution  
  83  6:02  Drone x4  
  87  6:10  Drone  
  88  6:13  Overlord  
  88  6:17  Roach x3  
  93  6:21  Roach x4  
  93  6:25  Roach x2  
  105  6:30  Spine Crawler, Ravager x3  
  107  6:34  Roach x5  
  107  6:36  Overlord  
  117  6:41  Roach  
  117  6:42  Roach  
  117  6:43  Overlord  
  121  6:53  Roach x3  
  113  6:56  Roach  
  100  7:03  Roach x5  
  103  7:12  Roach  
  103  7:13  Roach  
  104  7:21  Roach  
  104  7:22  Roach x2  
  100  7:29  Roach x4  
  104  7:36  Roach x2  
  100  7:45  Roach x4  
  100  7:46  Roach  
  108  7:54  Roach x2, Nydus Network  
  111  8:03  Roach x3  
  117  8:08  Roach x2  
  119  8:16  Roach x3  
  119  8:22  Roach  
  119  8:23  Roach x2  
  113  8:35  Roach x3  
  113  8:40  Nydus Canal  
  113  8:45  Roach x3  
  109  8:53  Roach x3  
  112  9:00  Drone x4  
  112  9:05  Queen  
  104  9:11  Drone x3  
  104  9:17  Hydralisk Den  
  102  9:20  Drone x2  
  104  9:26  Nydus Canal  
  104  9:27  Drone x3  
  107  9:36  Drone x2  
  105  9:42  Drone  
  104  9:47  Nydus Canal  
  104  9:53  Grooved Spines  
  104  9:57  Hatchery  
  103  10:01  Drone  
  103  10:02  Drone x7  
  103  10:04  Queen  
  113  10:14  Hydralisk x3  
  113  10:20  Hydralisk  
  113  10:21  Hydralisk x3  
  100  10:28  Hydralisk x3  
  100  10:33  Roach x2  
  110  10:39  Roach x2  
  108  10:44  Roach  
  108  10:45  Roach  
  108  10:49  Roach x4  
  108  10:54  Roach x3  
Tags
 
Add a new tag
Caveats
  • Supply blocks, unpowered buildings, or Contaminate may cause inaccurate times.
  • Supply counts are checked every 10 seconds.